 Dungeon Sprint DCSS version 0.28.0-43-g3370ac3207 (webtiles) character file.

Game seed: 12731898981376836996

2614 boopmooplesden the Fighter (level 9, -9/95 HPs)
             Began as a Minotaur Berserker on Mar 13, 2022.
             Was a High Priest of Trog.
             Mangled by a redback (20 damage)
             ... in the Dungeon (Sprint III: "The Ten Rune Challenge").
             The game lasted 00:02:24 (1566 turns).

boopmooplesden the Fighter (Minotaur Berserker)     Turns: 1566, Time: 00:02:24

Health: -9/95      AC:  3    Str: 27    XL:     9   Next: 34%
Magic:  8/8        EV: 14    Int:  4    God:    Trog [*****.]
Gold:   45         SH:  0    Dex:  9    Spells: 8/8 levels left

rFire   + . .      SeeInvis .   i - +3 quarterstaff (chaos)
rCold   . . .      Faith    .   (shield currently unavailable)
rNeg    . . .      Spirit   .   b - +0 animal skin
rPois   .          Reflect  .   (helmet restricted)
rElec   .          Harm     .   j - +0 cloak
rCorr   .          Rampage  .   (no gloves)
Will    .....      NoTele   +   (no boots)
Stlth   ++........              (no amulet)
HPRegen 0.00/turn               (no ring)
MPRegen 0.11/turn               (no ring)

@: on berserk cooldown, inhibited regen, slowed, unable to read, very slow
A: horns 2, retaliatory headbutt, fire resistance 1, inhibited regeneration,
inability to read while threatened
a: Renounce Religion, Berserk, Trog's Hand, Brothers in Arms


You were in the Dungeon.
You worshipped Trog.
Trog was extremely pleased with you.
You visited 1 branch You collected 45 gold pieces.

Inventory:

Hand Weapons
 a - a +0 hand axe
 i - a +3 quarterstaff of chaos (weapon)
 k - a +5 antimagic quick blade
Armour
 b - a +0 animal skin (worn)
 j - a +0 cloak (worn)
Scrolls
 h - a scroll of blinking
 l - 2 scrolls of holy word {unknown}
 m - 2 scrolls of identify
 o - a scroll of enchant weapon {unknown}
Potions
 c - 2 potions of curing
 d - a potion of heal wounds
 e - a potion of haste
 f - 2 potions of magic
 g - a potion of berserk rage
 n - 3 potions of flight
Miscellaneous
 p - a piece from Xom's chessboard (15/15)


   Skills:
 + Level 14.1 Fighting
 + Level 13.4 Axes
 + Level 12.7 Staves
 + Level 6.6 Armour
 + Level 8.1 Dodging
 + Level 4.7 Stealth


You had 8 spell levels left.
You didn't know any spells.
Your spell library was empty.

Dungeon Overview and Level Annotations

Branches:
Dungeon (1/1)

Altars:
Cheibriados
Dithmenos
Elyvilon
Fedhas
Gozag
Hepliaklqana
Kikubaaqudgha
Makhleb
Nemelex Xobeh
Okawaru
Qazlal
Ru
Sif Muna
Trog
Uskayaw
Vehumet
Wu Jian
Xom
Yredelemnul
Zin
The Shining One
Beogh
Jiyva
Lugonu


Innate Abilities, Weirdness & Mutations

You have a pair of horns on your head.
You reflexively headbutt those who attack you in melee.
Your flesh is heat resistant. (rF+)
You do not regenerate when monsters are visible.
You sometimes lose the ability to read scrolls when taking damage.


Message History

Increase (S)trength, (I)ntelligence, or (D)exterity?
You feel stronger. x2
You sock the two-headed ogre!
The two-headed ogre seems to grow stronger.
The two-headed ogre is lightly wounded.
You hit the two-headed ogre.
The two-headed ogre flickers and vanishes!
Deactivating autopickup; reactivate with Ctrl-A.
Your headbutt misses something. Something barely misses you.
Something hits you!
You closely miss something. You sock something!
Nothing appears to happen.
You headbutt something. Something hits you!!!
You feel threatened and lose the ability to read scrolls!
Something hits you!
* * * LOW HITPOINT WARNING * * *
You closely miss something. You closely miss something.
Your headbutt misses something. You sock something!
Your headbutt misses something. Something hits you!!
* * * LOW HITPOINT WARNING * * *
Something barely misses you.
You closely miss something. You sock something! You freeze something.
You headbutt something. Trog accepts your kill.
Reactivating autopickup.
You feel a bit more experienced.
A redback comes into view.
Your Fighting skill increases to level 14!
Your Dodging skill increases to level 8!
You bludgeon the redback!!
The redback seems to grow stronger.
The redback is severely wounded.
You are no longer berserk.
You are exhausted.
You feel yourself slow down.
You feel much better.
A redback comes into view.
The redback bites you!
* * * LOW HITPOINT WARNING * * *
The redback bites you!!
You die...

__# ._# )## ..#
..# #'#
..#+##############
..#....#.#.#.....#
..##.#..#.##)###@#
..'##)#.#.##.#.s##
..#.))#..#..##..
▓▓▓▓▓▓▓▓▓▓▓▓▓▓▓▓


You could see a redback (strong).

Vanquished Creatures
  Erolcha (D)
  A deep elf pyromancer (D)
  A shadow (D)
  A spatial vortex (D)
  A necrophage (D)
  5 two-headed ogres (D)
  A water elemental (D)
  A jelly (D)
  Crazy Yiuf (D)
  A wizard (D)
  A necromancer (D)
  3 humans (D)
  A kobold demonologist (D)
  An endoplasm (D)
  3 rats (D)
23 creatures vanquished.

Notes
Turn   | Place    | Note
-------+----------+-------------------------------------------
     0 | D        | boopmooplesden the Minotaur Berserker began the quest for
                  | the Orb.
     0 | D        | Reached XP level 1. HP: 19/19 MP: 0/0
    12 | D        | Reached skill level 4 in Fighting
    27 | D        | Reached ** piety under Trog
    39 | D        | Noticed Crazy Yiuf
    43 | D        | Killed Crazy Yiuf
    44 | D        | Reached skill level 5 in Fighting
    44 | D        | Reached XP level 2. HP: 28/30 MP: 1/1
    44 | D        | Reached XP level 3. HP: 35/37 MP: 2/2
    51 | D        | Reached skill level 6 in Fighting
   104 | D        | Gained mutation: Your magical capacity is low. (-10% MP)
                  | [potion of mutation]
   104 | D        | Gained mutation: You are weak. (Str -2) [potion of
                  | mutation]
   104 | D        | Gained mutation: You are clumsy. (Dex -2) [potion of
                  | mutation]
   106 | D        | Lost mutation: Your magical capacity is low. (-10% MP)
                  | [potion of mutation]
   106 | D        | Lost mutation: You are clumsy. (Dex -2) [potion of
                  | mutation]
   106 | D        | Lost mutation: You are weak. (Str -2) [potion of mutation]
   106 | D        | Gained mutation: You are frail. (-10% HP) [potion of
                  | mutation]
   107 | D        | Lost mutation: You are frail. (-10% HP) [potion of
                  | mutation]
   107 | D        | Gained mutation: You do not regenerate when monsters are
                  | visible. [potion of mutation]
   107 | D        | Gained mutation: Your flesh is heat resistant. (rF+)
                  | [potion of mutation]
   107 | D        | Gained mutation: You sometimes lose the ability to read
                  | scrolls when taking damage. [potion of mutation]
   226 | D        | Noticed a water elemental
   231 | D        | Killed a water elemental
   231 | D        | Reached *** piety under Trog
   232 | D        | Reached skill level 7 in Fighting
   232 | D        | Reached XP level 4. HP: 42/47 MP: 3/3
   342 | D        | Found a basalt altar of Yredelemnul.
   342 | D        | Found a shadowy altar of Dithmenos.
   342 | D        | Found a sacrificial altar of Ru.
   342 | D        | Noticed a necrophage
   345 | D        | Reached skill level 8 in Fighting
   346 | D        | Killed a necrophage
   347 | D        | Reached skill level 9 in Fighting
   347 | D        | Reached skill level 1 in Staves
   347 | D        | Reached XP level 5. HP: 57/57 MP: 4/4
   391 | D        | Found a hide-covered altar of Uskayaw.
   391 | D        | Found an iron altar of Okawaru.
   393 | D        | Found a bloodstained altar of Trog.
   393 | D        | Found an ornate altar of the Wu Jian Council.
   393 | D        | Noticed a human
   393 | D        | Noticed a human
   398 | D        | Killed a human
   399 | D        | Reached skill level 10 in Fighting
   399 | D        | Reached skill level 10 in Axes
   399 | D        | Reached skill level 5 in Armour
   399 | D        | Reached skill level 5 in Dodging
   399 | D        | Reached XP level 6. HP: 67/67 MP: 5/5
   405 | D        | Killed a human
   405 | D        | Reached **** piety under Trog
   406 | D        | Reached skill level 11 in Fighting
   582 | D        | Found a glowing silver altar of Zin.
   582 | D        | Found a glowing golden altar of the Shining One.
   582 | D        | Found a white marble altar of Elyvilon.
   582 | D        | Noticed a deep elf pyromancer
   589 | D        | Noticed a fire elemental
   589 | D        | Noticed a fire elemental
   596 | D        | Killed a deep elf pyromancer
   597 | D        | Reached skill level 12 in Fighting
   597 | D        | Reached XP level 7. HP: 39/77 MP: 6/6
   767 | D        | Found a radiant altar of Vehumet.
   769 | D        | Found a shimmering blue altar of Sif Muna.
   769 | D        | Found an ancient bone altar of Kikubaaqudgha.
   774 | D        | Reached ***** piety under Trog
   823 | D        | Noticed a shadow
   833 | D        | Killed a shadow
   834 | D        | Reached XP level 8. HP: 40/85 MP: 7/7
  1021 | D        | Found a blossoming altar of Fedhas.
  1021 | D        | Found a stormy altar of Qazlal.
  1021 | D        | Found a snail-covered altar of Cheibriados.
  1021 | D        | Found a burning altar of Makhleb.
  1021 | D        | Found a shimmering altar of Xom.
  1022 | D        | Found a hazy altar of Hepliaklqana.
  1022 | D        | Found an opulent altar of Gozag.
  1022 | D        | Found a sparkling altar of Nemelex Xobeh.
  1022 | D        | Found a corrupted altar of Lugonu.
  1022 | D        | Found a viscous altar of Jiyva.
  1030 | D        | Received a gift from Trog
  1058 | D        | Reached skill level 13 in Fighting
  1108 | D        | Noticed a two-headed ogre
  1119 | D        | Killed a two-headed ogre
  1538 | D        | Noticed a two-headed ogre
  1538 | D        | Noticed Erolcha
  1555 | D        | Killed Erolcha
  1556 | D        | Reached XP level 9. HP: 94/94 MP: 8/8
  1562 | D        | HP: 1/141 [something (29)]
  1564 | D        | Killed a two-headed ogre
  1565 | D        | Reached skill level 14 in Fighting
  1566 | D        | Mangled by a redback

Illustrated notes

Levels and vault maps discovered:
D:        dungeon_sprint_mu [sprint_mu_entry_cave, sprint_mu_temple_rooms,
          sprint_mu_d1_spiders, sprint_mu_d2_genie, sprint_mu_d3_branching,
          sprint_mu_orc_legion, sprint_mu_elf_gauntlet, sprint_mu_hive_nellie,
          sprint_mu_lair_fedhas, sprint_mu_vaults_butterflies,
          sprint_mu_slime_circle, sprint_mu_swamp_cave, sprint_mu_snake_twists,
          sprint_mu_blade_basic, sprint_mu_crypt_lich, sprint_mu_tomb_spiral,
          sprint_mu_vestibule_basic, sprint_mu_gehenna_hellfire,
          sprint_mu_dis_giant, sprint_mu_tartarus_statrot,
          sprint_mu_cocytus_islands, sprint_mu_zot1]

Skill      XL: |  1  2  3  4  5  6  7  8  9 |
---------------+----------------------------+-----
Fighting       | 5 7 9 10 12 13 14 | 14.1
Axes           | 6 8 9 10 12 13 | 13.4
Armour         | 3 4 5 6 |  6.6
Dodging        | 3 4 5 6 7 8 |  8.1
Staves         | 1 2 6 7 12 | 12.7
Stealth        | 2 4 |  4.7

Action                   |  1- 3 |  4- 6 |  7- 9 || total
-------------------------+-------+-------+-------++-------
Melee: Hand axe          |    15 |       |       ||    15
       Headbutt          |     4 |     4 |     7 ||    15
       Quarterstaff      |     3 |    23 |    64 ||    90
Invok: Berserk           |     2 |     3 |     3 ||     8
  Use: Potion            |     3 |       |     1 ||     4
 Stab: Paralysed         |       |     2 |       ||     2
       Sleeping          |       |       |     1 ||     1
Armor: Animal skin       |     1 |       |     2 ||     3
Dodge: Dodged            |    10 |     9 |    32 ||    51
